 Dungeon Crawl Stone Soup version 0.28.0-45-g0d030f2227 (webtiles) character file.

Game seed: 1718072109974225346

34623 101zpm the Eclecticist (level 14, -1/87 HPs)
             Began as a Djinni Ice Elementalist on Apr 13, 2022.
             Was a High Priest of Dithmenos.
             Killed by divine providence
             ... invoked by an orc priest
              (15 damage)
             ... on level 2 of the Orcish Mines.
             The game lasted 02:19:12 (36186 turns).

101zpm the Eclecticist (Djinni Ice Elementalist)   Turns: 36186, Time: 02:19:13

Health: -1/87      AC:  5    Str:  7    XL:     14   Next: 14%
Gold:   1455       EV: 28    Int: 22    God:    Dithmenos [*****.] SH:  4 Dex: 14

rFire   + . .      SeeInvis .   O - +5 dagger
rCold   . . .      Faith    .   F - +0 buckler
rNeg    . . .      Spirit   .   E - +2 leather armour {Will+}
rPois   ∞          Reflect  .   (no helmet)
rElec   .          Harm     .   (no cloak)
rCorr   .          Rampage  .   (no gloves)
Will    ++...                   (boots unavailable)
Stlth   ++++......              y - amulet of the acrobat
HPRegen 0.24/turn               c - ring of ice
MPRegen 0.00/turn               J - ring of wizardry

@: acrobatic, flying, wreathed by umbra, studying Shields
A: sickness immunity, fire resistance 2, cold vulnerability 1, float, innate
caster, HP casting, extra vitality 1
a: Renounce Religion, Shadow Step, Shadow Form


You were on level 2 of the Orcish Mines.
You worshipped Dithmenos.
Dithmenos was extremely pleased with you.
You visited 5 branches of the dungeon, and saw 19 of its levels.

You collected 1721 gold pieces.
You spent 266 gold pieces at shops.

Inventory:

Hand Weapons
 O - a +5 dagger (weapon)
Missiles
 f - 250 stones
 g - 14 sling bullets
 q - 99 bolts
 r - 4 boomerangs
 G - 130 arrows
 P - 23 poisoned darts
Armour
 E - a +2 leather armour of willpower (worn)
 F - a +0 buckler (worn)
 R - +0 acid dragon scales
Magical Staves
 M - a staff of conjuration
Jewellery
 c - a ring of ice (left hand)
 m - a ring of fire
 t - a ring of resist corrosion
 u - an amulet of faith
 y - an amulet of the acrobat (around neck)
 J - a ring of wizardry (right hand)
 N - a ring of ice
 S - an amulet of reflection
 U - a +4 ring of slaying
 V - a ring of positive energy
Wands
 d - a wand of polymorph (14)
 h - a wand of iceblast (13)
 i - a wand of flame (33)
 k - a wand of acid (7)
 s - a wand of digging (34)
Scrolls
 a - a scroll of vulnerability {unknown}
 e - 2 scrolls of fear
 j - 3 scrolls of blinking
 n - 10 scrolls of teleportation
 p - 5 scrolls of fog
 A - 3 scrolls of brand weapon
 B - 3 scrolls of enchant armour
 D - a scroll of torment {unknown}
 H - 6 scrolls of magic mapping
 Q - a scroll of identify
 T - a scroll of enchant weapon {unknown}
Potions
 b - 3 potions of magic {unknown}
 l - 3 potions of might {unknown}
 o - 2 potions of attraction {unknown}
 v - 2 potions of ambrosia {unknown}
 w - a potion of berserk rage {unknown}
 x - 2 potions of cancellation {unknown}
 z - 4 potions of curing
 C - 2 potions of brilliance
 I - a potion of invisibility {unknown}
 K - 2 potions of resistance {unknown}
 L - 3 potions of heal wounds {unknown}


   Skills:
 + Level 3.4 Fighting
 + Level 6.0 Armour
 + Level 5.3 Dodging
 + Level 5.0 Stealth
 + Level 2.3 Shields
 + Level 16.4 Spellcasting


You had 16 spell levels left.
You knew the following spells:

 Your Spells              Type           Power      Damage    Failure   Level
a - Freeze                Ice            100%       1d11      0%          1
b - Frozen Ramparts       Ice            100%       1d12      0%          3
c - Ozocubu's Armour      Ice            94%        N/A       0%          3
d - Hailstorm             Conj/Ice       94%        3d19      1%          4
e - Foxfire               Conj/Fire      100%       2x1d9     0%          1
f - Searing Ray           Conj           100%       2d8       0%          2
g - Blink                 Tloc           100%       N/A       0%          2
h - Fulminant Prism       Conj/Hex       37%        3d18      1%          4
i - Summon Lightning Spi  Summ/Air       74%        N/A       1%          4
j - Summon Mana Viper     Hex/Summ       74%        N/A       1%          5
Your spell library was empty.

Dungeon Overview and Level Annotations

Branches:
Dungeon (12/15)            Temple (1/1) D:5            Lair (3/6) D:8
  Swamp (0/4) Lair:3       Spider (1/4) Lair:3          Orc (2/2) D:11
    Elf (0/3) Orc:2

Altars:
Ashenzari
Cheibriados
Dithmenos
Elyvilon
Fedhas
Gozag
Hepliaklqana
Kikubaaqudgha
Makhleb
Nemelex Xobeh
Okawaru
Qazlal
Ru
Sif Muna
Trog
Uskayaw
Vehumet
Wu Jian
Xom
Yredelemnul
Zin
The Shining One
Beogh

Shops:
D:2 =   D:8 :*   D:10 ?*[[[   Orc:2 :

Annotations:
D:8 Erica


Innate Abilities, Weirdness & Mutations

You are immune to sickness and miasma.
You are immune to poison.
Your flesh is very heat resistant. (rF++)
You are vulnerable to cold. (rC-)
You float through the air rather than walking.
You learn spells naturally, not from books.
Your magical power is your life essence.
You have superior vitality. (+4 MHP)


Message History

The walls around you are covered in ice.
Casting: Frozen Ramparts (safe; 0% risk of failure)
Confirm with . or Enter, or press ? or * to list all spells.
You conjure some foxfire!
Your mana viper closely misses the orc knight.
The orc priest mumbles some strange prayers to Beogh against you.
Beogh smites you!
* * * LOW HITPOINT WARNING * * *
The orc knight hits your mana viper with a +0 war axe!
An orc warrior comes into view. It is wielding a +0 flail.
An orc priest comes into view. It is wielding a +0 mace.
Casting: Foxfire (safe; 0% risk of failure)
Confirm with . or Enter, or press ? or * to list all spells.
Aiming: Fulminant Prism (safe; 1% risk of failure)
Press: ? - help, Dir - move target You conjure a prism of explosive energy!
* * * LOW HITPOINT WARNING * * *
A fulminant prism comes into view.
The foxfire hits the orc knight but does no damage.
The orc knight is almost dead.
Your mana viper bites the orc knight.
The foxfire hits the orc knight but does no damage.
The orc knight is almost dead.
The orc hits your fulminant prism with a +0 whip of draining.
The orc priest hits your fulminant prism with a +0 club.
The orc knight roars a battlecry!
The orc priest goes into a battle-frenzy!
The orc closely misses your mana viper.
You hear a shout!
Your frozen ramparts will break if you move.
Continue?
The frozen ramparts melt away as you move.
The foxfire hits the orc knight but does no damage.
The orc knight is almost dead.
The foxfire hits the orc knight but does no damage.
The orc knight is almost dead.
Your mana viper barely misses the orc knight.
The orc hits your fulminant prism with a +0 whip of draining.
The orc priest mumbles some strange prayers to Beogh against you.
Beogh smites you!
You die...

.###.................)...
.o###....................
.o.###...................
.oo###..................
#*o###.................
#oS###.#..............
#)§###...............
#§.###))............
##§@##......... ....
##8.))........ ....
##........... ....
##...............
##..............
...............
...............
#.................
##..................


You could see an orc knight (ally target), an orc warrior (strong), 2 orc
priests, 2 orcs, a friendly mana viper (summoned), a friendly lightning spire
(summoned) and a friendly fulminant prism.

Vanquished Creatures
  An entropy weaver (Spider:1)
  Erolcha (D:9)
  6 hydras
  A two-headed ogre (D:8)
  5 death yaks (Lair:3)
  An orc high priest (Orc:1)
  2 wolf spiders (Spider:1)
  An ugly thing (D:12)
  5 cane toads
  3 komodo dragons
  6 trolls
  7 blink frogs
  4 wyverns (D:8)
  Sigmund (D:2)
  2 wraiths
  18 yaks
  A redback (Spider:1)
  2 steam dragons
  A vampire mosquito (D:11)
  A warg (Orc:1)
  2 acid dragons
  11 water moccasins
  10 orc warriors
  2 sky beasts
  2 black bears
  5 ogres
  2 ice beasts (D:6)
  2 necrophages (D:4)
  2 centaurs
  A kobold brigand (D:9)
  2 scorpions
  3 bullfrogs (Lair:3)
  2 gnoll sergeants
  A water moccasin zombie (D:6)
  A water moccasin skeleton (D:4)
  4 killer bees (D:9)
  8 wights
  6 howler monkeys
  3 bullfrog zombies
  A centaur zombie (D:9)
  A bullfrog skeleton (D:5)
  13 orc priests
  3 hounds
  A centaur skeleton (D:6)
  A scorpion zombie (D:5)
  4 iguanas
  6 orc wizards
  Terence (D:2)
  A hound skeleton (D:4)
  14 gnolls
  5 adders
  A howler monkey skeleton (D:6)
  A shadow imp (D:7)
  2 white imps
  An ufetubus (D:7)
  An adder skeleton (D:4)
  6 worms
  A dart slug (D:3)
  68 orcs
  7 bats
  3 endoplasms
  3 giant cockroaches
  2 hobgoblins
  9 jackals
  8 kobolds
  4 quokkas
  7 ball pythons
  7 frilled lizards
  9 goblins
  A rat (D:3)
  5 foxfires
  9 fulminant prisms
344 creatures vanquished.

Vanquished Creatures (collateral kills)
  A two-headed ogre (D:11)
  A death yak (Lair:3)
  Urug (D:11)
  Sonja (D:10)
  A manticore (D:12)
  2 orc sorcerers (Orc:2)
  A centaur zombie (D:11)
  5 cane toads
  A rime drake (Lair:2)
  A komodo dragon (Lair:1)
  A polar bear (Lair:2)
  A meliai zombie (D:10)
  3 blink frogs (Lair:2)
  A shadow (D:11)
  A yak (Lair:3)
  3 vampire mosquitoes
  A redback (Spider:1)
  3 wargs (Orc:1)
  2 water moccasins
  5 orc warriors
  3 wolves (Lair:2)
  An ogre (Orc:2)
  2 centaurs
  A bullfrog (Lair:3)
  A gnoll sergeant (D:9)
  A wight (D:8)
  2 orc priests
  2 orc wizards
  4 gnolls
  5 orcs
  16 foxfires
74 creatures vanquished.

Vanquished Creatures (others)
  2 bushes
  1223 foxfires
  69 fulminant prisms
  20 fungi
  36 plants
  5 toadstools (D:2)
1355 creatures vanquished.

Grand Total: 1773 creatures vanquished

Notes
Turn   | Place    | Note
-------+----------+-------------------------------------------
     0 | D:1      | 101zpm the Djinni Ice Elementalist began the quest for the
                  | Orb.
     0 | D:1      | Reached XP level 1. HP: 15/15 MP: 0/0
   331 | D:1      | Found a faded altar of an unknown god.
   340 | D:1      | Prayed at the altar of an unknown god.
   340 | D:1      | Became a worshipper of Dithmenos the Shadowed
   340 | D:1      | Reached * piety under Dithmenos
   671 | D:3      | Reached XP level 2. HP: 20/21 MP: 0/0
  1039 | D:1      | Reached XP level 3. HP: 18/25 MP: 0/0
  1039 | D:1      | Learned a level 1 spell: Foxfire
  2657 | D:2      | Reached skill level 4 in Spellcasting
  2888 | D:2      | Noticed Terence
  2896 | D:2      | Killed Terence
  2897 | D:2      | Reached XP level 4. HP: 19/31 MP: 0/0
  3138 | D:2      | Found a bloodstained altar of Trog.
  3226 | D:2      | Noticed Sigmund
  3242 | D:2      | Killed Sigmund
  3243 | D:2      | Reached skill level 5 in Spellcasting
  3243 | D:2      | Reached XP level 5. HP: 15/35 MP: 0/0
  3243 | D:2      | Learned a level 2 spell: Searing Ray
  3243 | D:2      | Reached XP level 6. HP: 18/40 MP: 0/0
  3563 | D:2      | Reached ** piety under Dithmenos
  3889 | D:2      | Found Utiapon's Jewellery Emporium.
  5779 | D:4      | Noticed a sky beast
  5780 | D:4      | Noticed a necrophage
  5786 | D:4      | Killed a necrophage
  5787 | D:4      | Reached XP level 7. HP: 34/45 MP: 0/0
  5787 | D:4      | Learned a level 2 spell: Blink
  5790 | D:4      | Reached skill level 6 in Spellcasting
  6190 | D:4      | Reached XP level 8. HP: 45/50 MP: 0/0
  6327 | D:4      | Reached skill level 7 in Spellcasting
  6328 | D:4      | Reached *** piety under Dithmenos
  6782 | D:5      | Entered Level 5 of the Dungeon
  7379 | D:5      | Found a staircase to the Ecumenical Temple.
  7996 | D:5      | Reached skill level 8 in Spellcasting
  8158 | D:5      | Reached XP level 9. HP: 47/55 MP: 0/0
  8158 | D:5      | Learned a level 4 spell: Fulminant Prism
  9135 | D:6      | Found a snail-covered altar of Cheibriados.
  9163 | D:6      | Reached skill level 9 in Spellcasting
  9646 | D:7      | Found a burning altar of Makhleb.
 10230 | D:7      | Noticed a troll
 10242 | D:7      | Killed a troll
 10704 | Temple   | Entered the Ecumenical Temple
 11283 | D:8      | Noticed a two-headed ogre
 11447 | D:8      | Reached XP level 10. HP: 53/60 MP: 0/0
 11483 | D:8      | Found an ornate altar of the Wu Jian Council.
 11485 | D:8      | Noticed Erica
 11493 | D:8      | Killed a two-headed ogre
 11494 | D:8      | Reached skill level 1 in Armour
 11494 | D:8      | Reached skill level 10 in Spellcasting
 13958 | D:9      | Noticed Erolcha
 13973 | D:9      | Killed Erolcha
 13974 | D:9      | Reached skill level 1 in Fighting
 14269 | D:9      | Reached skill level 1 in Shields
 14269 | D:9      | Reached skill level 11 in Spellcasting
 14273 | D:9      | Reached XP level 11. HP: 32/67 MP: 0/0
 14273 | D:9      | Learned a level 4 spell: Summon Lightning Spire
 14835 | D:9      | Reached **** piety under Dithmenos
 15978 | D:10     | Entered Level 10 of the Dungeon
 15978 | D:10     | Found Nyog's Antique Armour Shoppe.
 16028 | D:10     | Found Naon's Armour Boutique.
 16110 | D:10     | Found Ukulue's Armour Boutique.
 16947 | D:8      | Reached skill level 12 in Spellcasting
 17410 | D:8      | Found Plog's Book Shop.
 17936 | D:8      | Found a staircase to the Lair.
 18062 | D:8      | Found Cuikuf's Demolitions Depot.
 18603 | D:10     | Found Cotuko's Assorted Antiques.
 19179 | D:10     | Bought a wand of flame (7) for 26 gold pieces
 19179 | D:10     | Bought a scroll of identify for 52 gold pieces
 19194 | D:11     | Noticed Urug
 19202 | D:11     | Killed Urug
 19784 | D:10     | Found Pyqechaig's Magic Scroll Emporium.
 19789 | D:10     | Bought 3 scrolls of identify for 78 gold pieces
 19789 | D:10     | Bought a scroll of identify for 26 gold pieces
 19789 | D:10     | Bought a scroll of magic mapping for 45 gold pieces
 20101 | D:10     | Found a hide-covered altar of Uskayaw.
 20112 | D:10     | Found a stormy altar of Qazlal.
 20277 | D:10     | Noticed Sonja
 20282 | D:10     | Killed Sonja
 20912 | D:10     | Bought a scroll of teleportation for 39 gold pieces
 20970 | Lair:1   | Entered Level 1 of the Lair of Beasts
 21603 | Lair:1   | Reached XP level 12. HP: 49/76 MP: 0/0
 22022 | Lair:1   | Noticed a six-headed hydra
 22088 | Lair:1   | Killed a six-headed hydra
 22089 | Lair:1   | Reached skill level 13 in Spellcasting
 24559 | Lair:2   | Noticed an eight-headed hydra
 25027 | Lair:2   | Killed an eight-headed hydra
 25028 | Lair:2   | Reached skill level 5 in Armour
 25028 | Lair:2   | Reached skill level 14 in Spellcasting
 26235 | Lair:3   | Reached XP level 13. HP: 22/80 MP: 0/0
 26235 | Lair:3   | Learned a level 5 spell: Summon Mana Viper
 27031 | Lair:3   | Reached skill level 5 in Dodging
 27032 | Lair:3   | Reached skill level 15 in Spellcasting
 27644 | Lair:3   | Found a hole to the Spider Nest.
 28017 | Lair:3   | Found a staircase to the Swamp.
 28319 | Lair:3   | Noticed a four-headed hydra
 28325 | Lair:3   | Killed a four-headed hydra
 28736 | Spider:1 | Entered Level 1 of the Spider Nest
 28766 | Spider:1 | Noticed an entropy weaver
 28774 | Spider:1 | Killed an entropy weaver
 28784 | Spider:1 | Reached skill level 5 in Stealth
 29221 | D:11     | Noticed a four-headed hydra
 29229 | D:11     | Killed a four-headed hydra
 30126 | D:11     | Found a staircase to the Orcish Mines.
 31647 | D:12     | Noticed a six-headed hydra
 31651 | D:12     | Killed a six-headed hydra
 31974 | D:12     | Noticed a four-headed hydra
 31978 | D:12     | Killed a four-headed hydra
 31979 | D:12     | Reached skill level 16 in Spellcasting
 32703 | Orc:1    | Entered Level 1 of the Orcish Mines
 33266 | Orc:1    | Reached XP level 14. HP: 51/87 MP: 0/0
 33691 | Orc:1    | Reached ***** piety under Dithmenos
 34519 | Orc:2    | Entered Level 2 of the Orcish Mines
 35305 | Orc:2    | Found a staircase to the Elven Halls.
 35919 | Orc:2    | Found Ucops's Book Boutique.
 36186 | Orc:2    | Killed from afar by an orc priest

Illustrated notes

Levels and vault maps discovered:
D:1:      nicolae_arrival_somewhat_less_tricky_arrival, layout_loops_ring,
          ebering_ecumenical_altar_mist, chequers_serial_rivers_large_b,
          hangedman_feature_mirror
D:2:      layout_basic, basic_altar, serial_shops, shop,
          minmay_gold_behind_fungi, uniq_sigmund, uniq_terence
D:3:      layout_basic, minmay_hedge_maze
D:4:      layout_rooms, minmay_misc_feat_diagonals, minmay_manual_mail
D:5:      layout_basic, mainiacjoe_overflow_catwalk,
          minmay_temple_entry_statues_fountains, chequers_serial_rivers_micro_d,
          st_stairs_2, hangedman_abyss_or_decor_stagger, kennysheep_nondescript
D:6:      layout_rooms, mainiacjoe_overflow_paths,
          nicolae_overflow_crystal_walls
D:7:      layout_basic, lemuel_doored_altar
D:8:      layout_basic, mainiacjoe_overflow_chevrons, minmay_lair_entry_grove,
          gammafunk_ghost_nasty_kobolds, serial_shops, kennysheep_mini,
          nicolae_blasting_shop, uniq_erica
D:9:      layout_basic, uniq_erolcha
D:10:     layout_roguey [special_room_orc], gammafunk_temple_overflow_forgotten,
          serial_shops, nicolae_stop_n_shop_1, nicolae_stop_n_shop_1, shop,
          nicolae_shop_crystal, nicolae_diamond_shop, uniq_sonja
D:11:     layout_basic, orc_0_dummy, uniq_urug
D:12:     layout_cave_pods, uniq_fannar
Temple:   eino_temple_water
Lair:1:   layout_concentric_octagons, minivault_27
Lair:2:   layout_long_grid
Lair:3:   cheibrodos_lair_river_kwai, layout_gridlike, swamp_mist,
          dummy_spider_entry
Spider:1: layout_chambers, hellmonk_ghost_happy_afterlife,
          spiders_nest_hornet_nest
Orc:1:    layout_diamond_mine, serial_shops, shop
Orc:2:    pf_orc_diabolical, layout_caves, serial_shops, nicolae_shop_trees

Skill      XL: |  1  2  3  4  5  6  7  8  9 10 11 12 13 |
---------------+----------------------------------------+-----
Spellcasting   | 4 5 6 8 9 11 12 14 16 | 16.4
Stealth        | 2 3 4 5 |  5.0
Dodging        | 3 4 5 |  5.3
Armour         | 4 5 6 |  6.0
Fighting       | 1 2 3 |  3.4
Shields        | 1 2 |  2.3

Action                   |  1- 3 |  4- 6 |  7- 9 | 10-12 | 13-15 || total
-------------------------+-------+-------+-------+-------+-------++-------
 Cast: Freeze            |    27 |       |     3 |     6 |     6 ||    42
       Foxfire           |    50 |   107 |   251 |   237 |   158 ||   803
       Frozen Ramparts   |     3 |    13 |    29 |    64 |    39 ||   148
       Ozocubu's Armour  |       |     2 |    11 |    28 |    14 ||    55
       Searing Ray       |       |     1 |    35 |    86 |    22 ||   144
       Fulminant Prism   |       |       |     2 |    35 |    43 ||    80
       Blink             |       |       |       |     4 |       ||     4
       Summon Lightning  |       |       |       |    39 |    43 ||    82
       Summon Mana Viper |       |       |       |       |    40 ||    40
  Use: Scroll            |       |       |       |    11 |     2 ||    13
       Potion            |       |       |       |     2 |       ||     2
Armor: Robe              |     5 |       |     6 |       |       ||    11
       Leather armour    |       |       |       |    34 |    20 ||    54
Dodge: Dodged            |    24 |     2 |    33 |   103 |    47 ||   209
Block: Buckler           |       |       |       |    23 |    15 ||    38
